 Dungeon Crawl Stone Soup version 0.29.1-15-g9cfb28693d (webtiles) character file.

Game seed: 1327276618905945217

89 Heoruswealwe the Digger (level 4, -2/24 HPs)
             Began as a Deep Elf Earth Elementalist on May 4, 2023.
             Was a Follower of Okawaru.
             Slain by an orc priest
             ... wielding a +0 hand axe
              (4 damage)
             ... on level 3 of the Dungeon.
             The game lasted 00:24:27 (1442 turns).

Heoruswealwe the Digger (DEEE)                      Turns: 1442, Time: 00:24:27

Health: -2/24      AC:  6    Str:  5    XL:     4   Next: 31%
Magic:  0/11       EV: 12    Int: 22    God:    Okawaru [*.....]
Gold:   112        SH:  0    Dex: 15    Spells: 4/10 levels left

rFire   . . .      SeeInvis .   b - +2 whip (venom)
rCold   . . .      Faith    .   (no shield)
rNeg    . . .      Spirit   .   c - +0 robe
rPois   .          Reflect  .   (no helmet)
rElec   .          Harm     .   h - +1 cloak
rCorr   .          Rampage  .   (no gloves)
Will    .....                   e - +1 pair of boots
Stlth   ++........              (no amulet)
HPRegen 0.08/turn               (no ring)
MPRegen 0.12/turn               (no ring)

@: no status effects
A: no striking features
a: Renounce Religion, Heroism


You were on level 3 of the Dungeon.
You worshipped Okawaru.
Okawaru was aware of your devotion.
You visited 1 branch of the dungeon, and saw 3 of its levels.

You collected 138 gold pieces.
You spent 26 gold pieces at shops.

Inventory:

Hand Weapons
 b - a +2 whip of venom (weapon)
Armour
 c - a +0 robe (worn)
 e - a +1 pair of boots (worn)
 f - a +0 robe
 h - a +1 cloak (worn)
Scrolls
 d - a scroll of brand weapon
 i - 2 scrolls of teleportation
 k - a scroll of butterflies
 l - a scroll of noise {unknown}
Potions
 a - a potion of magic
 g - a potion of degeneration {unknown}
 j - 2 potions of might {unknown}
 m - a potion of curing {unknown}


   Skills:
 - Level 2.4 Dodging
 - Level 2.4 Stealth
 + Level 3.8 Spellcasting
 + Level 1.6 Conjurations
 + Level 2.3 Transmutations
 * Level 4.3 Earth Magic


You had 4 spell levels left.
You knew the following spells:

 Your Spells              Type           Power      Damage    Failure   Level
a - Sandblast             Erth           46%        2d11      1%          1
b - Stone Arrow           Conj/Erth      34%        3d9       10%         3
z - Passwall              Tmut/Erth      15%        N/A       4%          2

Your spell library contained the following spells:

 Spells                   Type           Power      Damage    Failure   Level
 Static Discharge         Conj/Air       7%         3-4/arc   12%         2
 Petrify                  Tmut/Erth      18%        N/A       28%         4
 Lightning Bolt           Conj/Air       3%         1d15      92%         5
 Maxwell's Capacitive Co  Air            2%         ∞         100%        8
 Summon Small Mammal      Summ           Unusable   N/A       N/A         1
 Call Canine Familiar     Summ           Unusable   N/A       N/A         3
 Summon Guardian Golem    Hex/Summ       Unusable   N/A       N/A         3

Dungeon Overview and Level Annotations

Branches:
Dungeon (3/15)

Altars:
Okawaru

Shops:
D:1 =[?(


Message History

The jackal closely misses you.
Casting: Sandblast (safe; 1% risk of failure)
Confirm with . or Enter, or press ? or * to list all spells.
Aiming: Sandblast (safe; 1% risk of failure)
Press: ? - help, Shift-Dir - straight line, f - jackal
Aim: a jackal (79% to hit)
The blast of sand hits the jackal!
You kill the jackal!
Okawaru accepts your kill. The rat misses you.
The orc priest invokes the aid of Beogh against you.
Pain shoots through your body!
* * * LOW HITPOINT WARNING * * *
The orc priest hits you but does no damage.
The rat completely misses you.
Casting: Sandblast (safe; 1% risk of failure)
Confirm with . or Enter, or press ? or * to list all spells.
Aiming: Sandblast (safe; 1% risk of failure)
Press: ? - help, Shift-Dir - straight line, f - rat
Aim: a rat (83% to hit)
The blast of sand hits the rat!
You kill the rat!
Okawaru accepts your kill.
The orc priest hits you with a +0 hand axe.
* * * LOW HITPOINT WARNING * * *
Casting: Sandblast (safe; 1% risk of failure)
Confirm with . or Enter, or press ? or * to list all spells.
Aiming: Sandblast (safe; 1% risk of failure)
Press: ? - help, Shift-Dir - straight line, f - orc priest
Aim: an orc priest, wielding a +0 hand axe (83% to hit)
The blast of sand hits the orc priest!
The orc priest is heavily wounded.
The orc priest barely misses you. The orc priest closely misses you.
Casting: Sandblast (safe; 1% risk of failure)
Confirm with . or Enter, or press ? or * to list all spells.
You don't have enough magic to cast this spell.
You hit the orc priest.
The orc priest is poisoned.
The orc priest is heavily wounded.
The orc priest hits you with a +0 hand axe.
You die...

#.#.........
#...........
...........
###.....(....
#............
#####.#..........
.........†)......
.........@)......
.........)o.###..
.......<.#.##
.##............
..........#####
.##...#.#.#
..........
......###.##
.###. ..


You could see an orc priest (poisoned).

Vanquished Creatures
  Jessica (D:3)
  3 dart slugs (D:1)
  4 orcs (D:3)
  7 ball pythons
  6 bats
  3 endoplasms
  A giant cockroach (D:2)
  2 goblins (D:2)
  A hobgoblin (D:2)
  5 jackals
  3 quokkas
  A frilled lizard (D:1)
  5 kobolds
  4 rats
46 creatures vanquished.

Notes
Turn   | Place    | Note
-------+----------+-------------------------------------------
     0 | D:1      | Heoruswealwe the Deep Elf Earth Elementalist began the
                  | quest for the Orb.
     0 | D:1      | Reached XP level 1. HP: 10/10 MP: 6/6
    31 | D:1      | Found Moegain's Armour Emporium.
    53 | D:1      | Found Bumufaow's Magic Scroll Boutique.
    59 | D:1      | Reached XP level 2. HP: 10/15 MP: 2/8
    60 | D:1      | Found a faded altar of an unknown god.
   145 | D:1      | Prayed at the altar of an unknown god.
   145 | D:1      | Became a worshipper of Warmaster Okawaru
   145 | D:1      | Reached * piety under Okawaru
   162 | D:1      | Found Wais's Weapon Emporium.
   206 | D:1      | Bought a scroll of identify for 26 gold pieces
   348 | D:1      | Learned a level 2 spell: Passwall
   459 | D:1      | Reached skill level 1 in Conjurations
   467 | D:1      | Reached XP level 3. HP: 19/19 MP: 3/9
   471 | D:1      | Learned a level 3 spell: Stone Arrow
   609 | D:1      | Found Ikhlaaja's Jewellery Shop.
   955 | D:2      | Reached skill level 4 in Earth Magic
  1429 | D:3      | Noticed Jessica
  1432 | D:3      | Killed Jessica
  1433 | D:3      | Reached XP level 4. HP: 24/24 MP: 7/11
  1442 | D:3      | Slain by an orc priest

Illustrated notes

Levels and vault maps discovered:
D:1:      dpeg_arrival_radiant, layout_loops_cross,
          hellmonk_ecumenical_altar_blasted, serial_shops, shop_statue,
          nicolae_shop_crystal, shop, nicolae_shop_stone
D:2:      layout_loops_ring
D:3:      layout_rooms, uniq_jessica

Skill      XL: |  1  2  3 |
---------------+----------+-----
Conjurations   | 1 |  1.6
Earth Magic    | 4 |  4.3
Transmutations | 2 |  2.3
Dodging        | |  2.4
Stealth        | |  2.4
Spellcasting   | |  3.8

Action                   |  1- 3 |  4- 6 || total
-------------------------+-------+-------++-------
Melee: Whip              |       |     1 ||     1
 Cast: Sandblast         |    53 |     9 ||    62
  Use: Scroll            |     3 |       ||     3
Armor: Robe              |     7 |     7 ||    14
Dodge: Dodged            |    16 |    21 ||    37
